 Dungeon Crawl Stone Soup version 0.25-a0-734-g73332aeda9 (webtiles) character file.

Game seed: 14583713563682215362, levelgen mode: deterministic

300 wullow the Shield-Bearer (level 6, -13/48 HPs)
             Began as a Demonspawn Fighter on Apr 11, 2020.
             Was an Initiate of Okawaru.
             Mangled by an ogre
             ... wielding a +0 giant club
              (28 damage)
             ... on level 4 of the Dungeon.
             The game lasted 00:06:34 (4043 turns).

wullow the Shield-Bearer (Demonspawn Fighter)       Turns: 4043, Time: 00:06:34

Health: -13/48     AC:  7    Str: 18    XL:     6   Next: 13%
Magic:  6/6        EV: 12    Int:  9    God:    Okawaru [......]
Gold:   201        SH: 17    Dex: 16    Spells: 5/5 levels left

rFire    . . .     SeeInvis .   h - +0 dagger
rCold    . . .     Gourm    .   c - +1 kite shield
rNeg     . . .     Faith    .   b - +0 scale mail
rPois    .         Spirit   .   n - +0 helmet
rElec    .         Reflect  .   (no cloak)
rCorr    .         Harm     .   (no gloves)
MR       .....                  (no boots)
Stlth    +.........             (no amulet)
HPRegen  0.16/turn              m - +3 ring of dexterity
MPRegen  0.10/turn              (no ring)

@: agile
A: large bone plates 2, nightstalker 1, powered by pain 1
a: Renounce Religion


You were on level 4 of the Dungeon.
You worshipped Okawaru.
Okawaru was noncommittal.
You were hungry.

You visited 2 branches of the dungeon, and saw 5 of its levels.

You collected 201 gold pieces.

Inventory:

Hand Weapons
 a - a +0 rapier
 h - a +0 dagger (weapon)
Missiles
 j - 91 stones (quivered)
 k - 28 arrows
Armour
 b - a +0 scale mail (worn)
 c - a +1 kite shield (worn)
 n - a +0 helmet (worn)
Jewellery
 m - a +3 ring of dexterity (left hand)
 z - a cursed -3 ring of strength {unknown}
Wands
 d - a wand of iceblast (6)
 l - a wand of paralysis (15)
 x - a wand of polymorph (10)
Scrolls
 g - 2 scrolls of enchant armour
 p - a scroll of blinking
Potions
 e - 3 potions of flight
 i - 4 potions of degeneration {unknown}
 o - 5 potions of stabbing
 r - a potion of brilliance {unknown}
 s - 2 potions of magic {unknown}
Comestibles
 f - 12 rations


   Skills:
 + Level 3.9 Fighting
 * Level 3.7 Short Blades
 - Level 3.0 Armour
 * Level 4.3 Shields
 + Level 1.2 Evocations


You had 5 spell levels left.
You didn't know any spells.
Your spell library was empty.

Dungeon Overview and Level Annotations

Branches:
Dungeon (4/15)             Temple (1/1) D:4

Altars:
Ashenzari
Cheibriados
Dithmenos
Elyvilon
Fedhas
Gozag
Hepliaklqana
Kikubaaqudgha
Makhleb
Nemelex Xobeh
Okawaru
Qazlal
Ru
Trog
Uskayaw
Vehumet
Wu Jian
Xom
Yredelemnul
Zin
The Shining One

Annotations:
D:3 1 runed translucent door, milk's ghost, amateur MiFi


Innate Abilities, Weirdness & Mutations

You are mostly covered in large bone plates. (SH +6)
You are slightly more attuned to the shadows.
You sometimes gain a little power by taking damage.


Message History

The ogre misses you.
You hit the ogre.
The ogre is severely wounded.
You hit the ogre but do no damage.
The ogre is severely wounded.
You block the ogre's attack.
You hit the ogre.
The ogre is almost dead.
You block the ogre's attack.
You hit the ogre.
The ogre is almost dead.
You hit the ogre.
The ogre is almost dead.
The ogre hits you with a +0 giant club!
You focus on the pain.
You feel more agile all of a sudden.
You hit the ogre but do no damage.
The ogre is almost dead.
The ogre hits you with a +0 giant club!!
Ouch! That really hurt!
You die...

#.........'O........##########..
#.........#.........# ......'..
#.........#.........# ......#..
#.........#######...# ......#..
#........## ###...# ..##..#..
........# ... ..# # #..###
....... ###.###.. +.. # ......
#...O$# #.. # #.#@### # #.._..#
# ###.#.# # #.....# #
#####.###### .### #
............# .#.... ..
............##..##..#..
............##...##..##
............##...# #..#


You could see an ogre.

Vanquished Creatures
  A black bear (D:3)
  A centaur skeleton (D:4)
  A hound (D:3)
  A bullfrog skeleton (D:3)
  A worker ant (D:4)
  2 adders (D:2)
  An ooze (D:2)
  A worm (D:2)
  3 dart slugs
  4 leopard geckos
  An orc (D:3)
  6 giant cockroaches
  9 goblins
  7 hobgoblins
  6 jackals
  5 kobolds
  4 quokkas
  A ball python (D:3)
  5 bats
  3 frilled lizards
  4 rats
67 creatures vanquished.

Notes
Turn   | Place    | Note
-------+----------+-------------------------------------------
     0 | D:1      | wullow the Demonspawn Fighter began the quest for the Orb.
     0 | D:1      | Reached XP level 1. HP: 18/18 MP: 1/1
    59 | D:1      | Gained mutation: You are partially covered in large bone
                  | plates. (SH +4) [demonic ancestry]
    59 | D:1      | Reached XP level 2. HP: 11/24 MP: 2/2
   168 | D:1      | Reached skill level 3 in Shields
   494 | D:1      | Gained mutation: You sometimes gain a little power by
                  | taking damage. [demonic ancestry]
   494 | D:1      | Reached XP level 3. HP: 29/29 MP: 3/3
  1632 | D:2      | Gained mutation: You are mostly covered in large bone
                  | plates. (SH +6) [demonic ancestry]
  1632 | D:2      | Reached XP level 4. HP: 25/35 MP: 4/4
  1750 | D:2      | Found a bloodstained altar of Trog.
  2080 | D:3      | Noticed milk's ghost (amateur MiFi)
  2081 | D:3      | Found a runed translucent door.
  2831 | D:3      | Found a sparkling altar of Nemelex Xobeh.
  2907 | D:4      | Noticed a black bear
  2925 | D:3      | Killed a black bear
  2925 | D:3      | Reached skill level 4 in Shields
  2925 | D:3      | Reached XP level 5. HP: 13/42 MP: 5/5
  2992 | D:4      | Reached skill level 1 in Evocations
  3342 | D:4      | Gained mutation: You are slightly more attuned to the
                  | shadows. [demonic ancestry]
  3342 | D:4      | Reached XP level 6. HP: 40/48 MP: 6/6
  3741 | D:4      | Found a staircase to the Ecumenical Temple.
  3748 | Temple   | Entered the Ecumenical Temple
  3785 | Temple   | Became a worshipper of Warmaster Okawaru
  4000 | D:4      | Found a blossoming altar of Fedhas.
  4008 | D:4      | Found an opulent altar of Gozag.
  4043 | D:4      | Mangled by an ogre

Levels and vault maps discovered:
D:1:      dpeg_arrival_connections, layout_loops_cross
D:2:      layout_loops_ring, lemuel_crystal_altar
D:3:      layout_basic, hellmonk_ghost_happy_afterlife, hex_large,
          nemelex_diamond_rough_becter
D:4:      layout_gridville, nicolae_gozag_cash_rules_everything_around_me,
          fedhas_ov_isle_minmay, minmay_temple_entry_wispy, dk_noncrumbling_4,
          minmay_diced_spiral
Temple:   dpeg_five_rooms_temple

Skill      XL: |  1  2  3  4  5 |
---------------+----------------+-----
Short Blades   | 2 3 |  3.7
Shields        | 3 4 |  4.3
Armour         | 3 |  3.0
Evocations     | 1 |  1.2
Fighting       | |  3.9

Action                   |  1- 3 |  4- 6 || total
-------------------------+-------+-------++-------
Melee: Rapier            |    36 |       ||    36
       Dagger            |   238 |   313 ||   551
  Use: Potion            |       |     1 ||     1
       Scroll            |       |     8 ||     8
  Eat: Chunk             |     3 |     7 ||    10
Armor: Scale mail        |    77 |    79 ||   156
Dodge: Dodged            |    45 |    40 ||    85
Block: Kite shield       |   148 |   212 ||   360

Table legend:
 A = Non-vault XP
 B = Vault XP
 C = Vault XP percentage of total XP
 D = Non-vault monster count
 E = Vault monster count
 F = Vault count percentage of total count
                 A         B        C        D         E       F
            +---------+---------+-------+---------+---------+-------
      Total |     396 |      33 |   7.7 |      66 |       1 |   1.5
            +---------+---------+-------+---------+---------+-------
        D:1 |      57 |       0 |   0.0 |      29 |       0 |   0.0
        D:2 |      62 |       0 |   0.0 |      16 |       0 |   0.0
        D:3 |     233 |       0 |   0.0 |      18 |       0 |   0.0
        D:4 |      44 |      33 |  42.9 |       3 |       1 |  25.0
            +---------+---------+-------+---------+---------+-------
